 Dungeon Crawl Stone Soup version 0.17.1-3-g152610e (webtiles) character file.

13886 manyhoops the Cleaver (level 11, -1/89 HPs)
             Began as a Demonspawn Fighter on Apr 5, 2016.
             Was a High Priest of Okawaru.
             Slain by a slime creature (4 damage)
             ... on level 11 of the Dungeon.
             The game lasted 00:56:02 (11832 turns).

manyhoops the Cleaver (Demonspawn Fighter)         Turns: 11832, Time: 00:56:04

Health: -1/89      AC: 25    Str: 21    XL:     11   Next: 81%
Magic:  14/14      EV:  6    Int: 12    God:    Okawaru [*****.]
Gold:   537        SH:  0    Dex: 13    Spells: 0 memorised, 10 levels left

rFire  + . .     SeeInvis +     P - +2 battleaxe (vamp)
rCold  . . .     Clarity  .     s - +0 plate armour
rNeg   . . .     SustAt   .     (shield currently unavailable)
rPois  .         Gourm    .     u - +2 helmet
rElec  .         Spirit   .     r - +1 cloak
rCorr  .         Warding  .     v - +0 pair of gloves
rMut   .         Stasis   .     D - +1 pair of boots
MR     +....                    m - amulet of inaccuracy (curse)
Stlth  ..........               T - ring of see invisible
                                K - ring of protection from magic

@: drained, somewhat resistant to hostile enchantments, extremely unstealthy
A: claws 2, yellow scales 2, clever 1, fire resistance 1, powered by death 2,
regeneration 1, strong 1
a: Heroism, Finesse, Renounce Religion


You were on level 11 of the Dungeon.
You worshipped Okawaru.
Okawaru was extremely pleased with you.
You were not hungry.

You visited 2 branches of the dungeon, and saw 13 of its levels.
You also visited: Sewer.

You collected 537 gold pieces.

Inventory:

Hand Weapons
 O - a +4 battleaxe
 P - a +2 vampiric battleaxe (weapon)
 V - a +3 flail
 X - a +0 scimitar of flaming
Missiles
 J - 6 tomahawks of returning (quivered)
Armour
 r - a +1 cloak (worn)
 s - a +0 plate armour (worn)
 u - a +2 helmet (worn)
 v - a +0 pair of gloves (worn)
 D - a +1 pair of boots (worn)
 L - a +2 leather armour of magic resistance
Jewellery
 c - an uncursed amulet of stasis {unknown}
 i - an uncursed ring of invisibility
 m - a cursed amulet of inaccuracy (around neck)
 K - a ring of protection from magic (left hand)
 T - a ring of see invisible (right hand)
Wands
 k - a wand of random effects (18)
 C - a wand of confusion (14)
 I - a wand of fire (0)
 Q - a wand of disintegration (14)
 U - a wand of hasting (3)
Scrolls
 a - a scroll of magic mapping
 l - 2 scrolls of immolation
 p - a scroll of fog
 y - 3 scrolls of random uselessness
 E - 2 scrolls of remove curse
 G - a scroll of recharging
 M - a scroll of vulnerability
Potions
 b - a potion of poison
 d - a potion of might
 j - a potion of agility
 n - 2 potions of degeneration
 o - 4 potions of lignification
 q - 3 potions of curing
 w - a potion of cure mutation {unknown}
 z - a potion of magic {unknown}
 B - a potion of mutation
 H - 2 potions of flight
 N - a potion of heal wounds {unknown}
Books
 h - the Catalogue of the Boosting Snowflakes
   (You found it on level 11 of the Dungeon)

   Spells                             Type                      Level
   a - Repel Missiles                 Charms/Air                   2
   b - Song of Slaying                Charms                       2
   c - Ensorcelled Hibernation        Hexes/Ice                    2
   d - Ozocubu's Armour               Charms/Ice                   3
   e - Metabolic Englaciation         Hexes/Ice                    5
   f - Ozocubu's Refrigeration        Ice                          6
 R - a book of the Earth

   Spells                             Type                      Level
   a - Leda's Liquefaction            Hexes/Earth                  4
   b - Bolt of Magma                  Conjuration/Fire/Earth       5
   c - Statue Form                    Transmutation/Earth          6
   d - Iron Shot                      Conjuration/Earth            6
   e - Shatter                        Earth                        9
Comestibles
 e - 2 bread rations
 f - 3 meat rations
 g - 2 slices of pizza
 x - 2 fruits
 F - 2 beef jerkies
 S - 11 royal jellies


   Skills:
 + Level 9.2(8.6) Fighting
 * Level 11.9(11.2) Axes
 + Level 8.4(7.8) Armour
   Level 6.4(5.8) Shields
 - Level 4.4(3.9) Invocations


You had 10 spell levels left.
You didn't know any spells.

Dungeon Overview and Level Annotations

Branches:
Dungeon (12/15)            Temple (1/1) D:6            Lair (0/8) D:11
    Orc: D:9-12

Altars:
Ashenzari
Cheibriados
Dithmenos
Elyvilon
Fedhas
Gozag
Kikubaaqudgha
Makhleb
Nemelex Xobeh
Okawaru
Qazlal
Ru
Sif Muna
Trog
Vehumet
Xom
Zin
The Shining One

Shops:
D:8 (   D:9 :

Annotations:
D:10 Nergalle


Innate Abilities, Weirdness & Mutations

You have very sharp fingernails.
You are mostly covered in yellow scales (AC +3).
Your flesh is heat resistant.
You regenerate health from kills.
Your mind is acute. (Int +2)
Your natural rate of healing is unusually fast.
Your muscles are strong. (Str +2)


Message History

You hit the slime creature.
The slime creature is moderately wounded.
You barely miss the slime creature.
The slime creature is moderately wounded.
The slime creature hits you.
* * * LOW HITPOINT WARNING * * *
A large slime creature splits.
The slime creature hits you but does no damage.
The slime creature hits you.
* * * LOW HITPOINT WARNING * * *
The slime creature jiggles.
The slime creature hits you!
* * * LOW HITPOINT WARNING * * *
As you read the scroll of fog, it crumbles to dust.
The scroll dissolves into smoke.
The slime creature hits you but does no damage. x3
The slime creature hits you.
* * * LOW HITPOINT WARNING * * *
The slime creature barely misses you. The slime creature hits you.
You die...

........................)........
###.##########.######..........##
#.# #.# #..........# #.# #.#
#........).# #.# #.# #..........#
#.# #.######.........)#
#.##########.§..............)##
#............§JJ...........())(
#.##########.§@J............)##
#.# #.JJJ........)....# ###.#
#...§.............# ....#
#.................#
###.##########............(....#
#.)))................#######.#
#.##########.........# #.# #.#
#(........# #.# ###.# #.........#
#.##


You could see 6 slime creatures.

Vanquished Creatures
  Harold (D:11)
  Erica (D:9)
  A hydra (D:11)
  3 hill giants
  2 unseen horrors (D:10)
  Joseph (D:10)
  Psyche (D:7)
  A two-headed ogre (D:8)
  2 deep elf magi
  Sigmund (D:3)
  3 yaks (D:11)
  2 wyverns
  3 hungry ghosts
  A wraith (D:10)
  4 fire bats (D:9)
  2 hippogriffs
  2 wargs (D:11)
  A hell hound (D:9)
  5 orc warriors
  Purgy (Sewer)
  A black bear (D:6)
  4 sky beasts
  An ice beast (D:5)
  4 phantoms
  4 ogres
  5 centaurs
  2 big kobolds
  11 giant frogs
  9 wights
  3 scorpions
  3 killer bees (D:11)
  5 crimson imps
  A quasit (D:6)
  2 lava snakes (D:9)
  2 centaur skeletons
  9 hounds
  6 jellies
  A wasp zombie (D:5)
  13 orc priests
  2 giant frog skeletons
  10 orc wizards
  2 iguanas
  Jessica (D:2)
  Natasha (twice) (D:2)
  7 worker ants
  A killer bee zombie (D:11)
  2 hound skeletons
  4 worker ant zombies
  Robin (D:3)
  3 gnolls (D:7)
  3 shadow imps
  20 adders
  5 oozes (D:8)
  An adder zombie (D:6)
  5 worms
  4 adder skeletons
  8 giant geckos
  40 orcs
  11 giant cockroaches
  14 goblins
  17 hobgoblins
  9 quokkas
  6 ball pythons
  5 bats
  A giant cockroach zombie (D:6)
  7 giant newts
  19 jackals
  19 kobolds
  8 rats
  A plant (D:3)
362 creatures vanquished.

Vanquished Creatures (others)
  2 fire vortices (D:9)
2 creatures vanquished.

Grand Total: 364 creatures vanquished

Notes
Turn   | Place    | Note
--------------------------------------------------------------
     0 | D:1      | manyhoops the Demonspawn Fighter began the quest for the Orb.
     0 | D:1      | Reached XP level 1. HP: 18/18 MP: 1/1
   225 | D:1      | Gained mutation: You are partially covered in yellow scales (AC +2). [demonic ancestry]
   225 | D:1      | Reached XP level 2. HP: 10/24 MP: 2/2
   819 | D:2      | Reached XP level 3. HP: 29/29 MP: 3/3
  1040 | D:2      | Noticed Jessica
  1056 | D:2      | Killed Jessica
  1269 | D:2      | Gained mutation: You regenerate a little health from kills. [demonic ancestry]
  1269 | D:2      | Reached XP level 4. HP: 34/37 MP: 4/4
  1315 | D:2      | Noticed Natasha
  1322 | D:2      | Killed Natasha
  1901 | D:2      | Noticed Natasha
  1909 | D:2      | Killed Natasha
  2011 | D:3      | Gained mutation: You have sharp fingernails. [demonic ancestry]
  2011 | D:3      | Reached XP level 5. HP: 42/42 MP: 5/5
  2066 | D:3      | Found a shadowy altar of Dithmenos.
  2067 | D:3      | Found an opulent altar of Gozag.
  2080 | D:3      | Found a snail-covered altar of Cheibriados.
  2159 | D:3      | Noticed Sigmund
  2160 | D:3      | Noticed Robin
  2180 | D:3      | Killed Sigmund
  2180 | D:3      | Reached skill level 4 in Fighting
  2180 | D:3      | Reached XP level 6. HP: 37/48 MP: 6/6
  2183 | D:3      | Killed Robin
  2661 | D:4      | Found a burning altar of Makhleb.
  2791 | D:4      | Gained mutation: You are mostly covered in yellow scales (AC +3). [demonic ancestry]
  2791 | D:4      | Reached XP level 7. HP: 55/55 MP: 7/7
  2820 | D:4      | Found a glowing drain.
  2843 | Sewer    | Entered a sewer
  3085 | Sewer    | Noticed Purgy
  3118 | Sewer    | Killed Purgy
  3118 | Sewer    | Reached skill level 5 in Shields
  3595 | D:5      | Entered Level 5 of the Dungeon
  3652 | D:5      | Reached skill level 5 in Fighting
  3930 | D:5      | Reached XP level 8. HP: 49/62 MP: 8/8
  4206 | D:5      | Found an iron altar of Okawaru.
  4649 | D:6      | Noticed an eight-headed hydra
  4726 | D:6      | Reached skill level 5 in Armour
  4726 | D:6      | Reached skill level 6 in Shields
  5040 | D:6      | Reached skill level 5 in Axes
  5700 | D:6      | Found a staircase to the Ecumenical Temple.
  5708 | Temple   | Entered the Ecumenical Temple
  6209 | Temple   | Became a worshipper of Warmaster Okawaru
  6249 | D:6      | Gained mutation: You regenerate health from kills. [demonic ancestry]
  6249 | D:6      | Reached XP level 9. HP: 51/69 MP: 9/9
  7407 | D:8      | Noticed Psyche
  7462 | D:7      | Killed Psyche
  7462 | D:7      | Reached * piety under Okawaru
  7462 | D:7      | Reached skill level 7 in Axes
  7733 | D:8      | Found Qysist's Weapon Emporium.
  7833 | D:8      | Reached skill level 8 in Axes
  7894 | D:8      | Reached ** piety under Okawaru
  8227 | D:9      | Gained mutation: Your flesh is heat resistant. [demonic ancestry]
  8227 | D:9      | Reached XP level 10. HP: 65/79 MP: 10/10
  8473 | D:9      | Reached skill level 9 in Axes
  8479 | D:9      | Reached *** piety under Okawaru
  8522 | D:9      | Found Hygethri's Book Emporium.
  8585 | D:9      | Noticed Erica
  9309 | D:9      | Killed Erica
  9425 | D:10     | Entered Level 10 of the Dungeon
  9576 | D:10     | Reached skill level 10 in Axes
  9649 | D:10     | Noticed a hill giant
  9682 | D:11     | Noticed Nergalle
  9694 | D:10     | Noticed Harold
  9716 | D:10     | Reached skill level 1 in Invocations
  9747 | D:10     | Noticed an unseen horror
  9762 | D:10     | Killed an unseen horror
  9814 | D:10     | Noticed an unseen horror
  9834 | D:10     | Killed an unseen horror
  9834 | D:10     | Reached **** piety under Okawaru
  9834 | D:10     | Gained mutation: You have very sharp fingernails. [demonic ancestry]
  9834 | D:10     | Reached XP level 11. HP: 68/86 MP: 12/12
  9949 | D:10     | Noticed Joseph
  9972 | D:10     | Killed Joseph
 10248 | D:11     | Noticed a hill giant
 10260 | D:11     | Killed a hill giant
 10301 | D:10     | Killed a hill giant
 10301 | D:10     | Reached ***** piety under Okawaru
 10309 | D:10     | Noticed a spectral orc warlord
 10322 | D:10     | Noticed a spectral orc warlord
 10629 | D:10     | Gained mutation: Your mind is acute. (Int +2) [potion of mutation]
 10629 | D:10     | Gained mutation: Your natural rate of healing is unusually fast. [potion of mutation]
 10629 | D:10     | Gained mutation: Your muscles are strong. (Str +2) [potion of mutation]
 10695 | D:11     | Reached skill level 11 in Axes
 10816 | D:11     | Identified the Catalogue of the Boosting Snowflakes (You found it on level 11 of the Dungeon)
 10968 | D:11     | Killed Harold
 11031 | D:11     | Noticed a four-headed hydra
 11043 | D:11     | Killed a one-headed hydra
 11331 | D:11     | Noticed a hill giant
 11342 | D:11     | Killed a hill giant
 11455 | D:11     | Found a staircase to the Lair.
 11831 | D:11     | HP: 4/89 [slime creature (14)]
 11832 | D:11     | Slain by a slime creature

Action                   |  1- 3 |  4- 6 |  7- 9 | 10-12 || total
-------------------------+-------+-------+-------+-------++-------
Melee: War axe           |   125 |   287 |   417 |       ||   829
       Battleaxe         |       |       |   308 |   543 ||   851
       Scimitar          |       |       |       |     7 ||     7
Throw: Tomahawk          |       |       |     1 |       ||     1
Invok: Heroism           |       |       |       |     7 ||     7
       Finesse           |       |       |       |     2 ||     2
 Abil: Evoke Invisibilit |       |       |     2 |       ||     2
       Turn Visible      |       |       |     2 |       ||     2
Evoke: Wand              |       |       |     3 |       ||     3
  Use: Scroll            |       |     5 |    21 |    10 ||    36
       Potion            |       |     1 |     1 |    10 ||    12
 Stab: Invisible         |       |       |     1 |     2 ||     3
  Eat: Chunk             |     1 |     2 |     6 |     3 ||    12
       Meat ration       |       |     1 |     1 |     3 ||     5
       Bread ration      |       |       |     2 |     3 ||     5
